IL
INDIANAPOLIS INDIANS @ RENO ACES
07/14/2047
 
TOP OF THE 1ST
Indianapolis Indians batting - Pitching for Reno Aces : RHP Marcos Tejeda
Pitching: RHP Marcos Tejeda
Batting: RHB Andrew Robinson 0-0: Ball
1-0: Ball
2-0: Ball
3-0: Base on Balls
Batting: RHB Chris Pozzi 0-0: Ball
Andrew Robinson steals 2nd base (no throw)
1-0: Ball
2-0: Called Strike
2-1: Ball
3-1: Base on Balls
Batting: RHB Luis Ramos 0-0: Fielders Choice at 2nd, 5-4 (Groundball, 56S, EV 84.4 MPH)
Andrew Robinson to third
Batting: LHB Jorge Quintana 0-0: Ball
1-0: Ball
2-0: Foul Ball, location: 2F
2-1: Fielders Choice at 2nd, 6-4 (Groundball, 56, EV 103.1 MPH)
Andrew Robinson scores
Batting: RHB Adam Kaeser 0-0: Called Strike
0-1: DOUBLE (Flyball, 8RXD, EV 91.2 MPH)
Jorge Quintana to third
Batting: RHB Caleb Russell 0-0: Ball
1-0: Ball
2-0: Foul Ball, location: 2F
2-1: SINGLE (Line Drive, 9LS, EV 106.9 MPH)
Jorge Quintana scores
Adam Kaeser to third
Batting: RHB Freddy Quintero 0-0: DOUBLE (Line Drive, 3D, EV 96.9 MPH)
Adam Kaeser scores
Caleb Russell to third
Batting: RHB Richard Barrios 0-0: Called Strike
0-1: Ball
1-1: Ball
2-1: Foul Ball, location: 2F
2-2: Ball
3-2: Strikes out swinging
Top of the 1st over - 3 runs, 3 hits, 0 errors, 2 left on base; Indianapolis 3 - Reno 0
BOTTOM OF THE 1ST
Reno Aces batting - Pitching for Indianapolis Indians : RHP Joreão Zquete
Pitching: RHP Joreão Zquete
Batting: RHB Roberto Rodriguez 0-0: Ball
1-0: Ball
2-0: Foul Ball, location: 2F
2-1: Foul Ball, location: 2F
2-2: Strikes out swinging
Batting: LHB Kyle Beaulieu 0-0: Fly out, F7 (Flyball, 78S, EV 88.1 MPH)
Batting: RHB Ji-an Li 0-0: Ball
1-0: Foul Ball, location: 2F
1-1: Foul Ball, location: 2F
1-2: TRIPLE (Flyball, 78XD, EV 110.6 MPH)
Batting: RHB Seth Tramontano 0-0: Called Strike
0-1: Ball
1-1: Ball
2-1: Called Strike
2-2: Foul Ball, location: 2F
2-2: Foul Ball, location: 2F
2-2: Foul Ball, location: 2F
2-2: Ball
3-2: Ground out 6-3 (Groundball, P, EV 83.1 MPH)
Bottom of the 1st over - 0 runs, 1 hit, 0 errors, 1 left on base; Indianapolis 3 - Reno 0
TOP OF THE 2ND
Indianapolis Indians batting - Pitching for Reno Aces : RHP Marcos Tejeda
Batting: RHB Slamet Pamungkas 0-0: Called Strike
0-1: Swinging Strike
0-2: Ball
1-2: Ball
2-2: Foul Ball, location: 2F
2-2: Ball
3-2: Foul Ball, location: 2F
3-2: Base on Balls
Batting: RHB Andrew Robinson 0-0: Ball
1-0: Swinging Strike
1-1: Ball
2-1: Ball
Slamet Pamungkas is caught stealing 2nd base 2-4
3-1: Base on Balls
Batting: RHB Chris Pozzi 0-0: Called Strike
Andrew Robinson steals 2nd base (no throw)
0-1: Foul Ball, location: 2F
0-2: Ball
1-2: Foul Ball, location: 2F
1-2: Ground out 6-3 (Groundball, 6, EV 83.1 MPH)
Andrew Robinson to third
Batting: RHB Luis Ramos 0-0: Ball
1-0: Called Strike
1-1: Ball
2-1: Ball
3-1: Base on Balls
Batting: LHB Jorge Quintana 0-0: Fielders Choice at 2nd, 6-4 (Groundball, 56D, EV 84.4 MPH)
Top of the 2nd over - 0 runs, 0 hits, 0 errors, 2 left on base; Indianapolis 3 - Reno 0
BOTTOM OF THE 2ND
Reno Aces batting - Pitching for Indianapolis Indians : RHP Joreão Zquete
Batting: RHB Marlon Reda 0-0: Called Strike
0-1: Fly out, F9 (Flyball, 9LD, EV 80.0 MPH)
Batting: LHB Sam Dowdy 0-0: Ball
1-0: Foul Ball, location: 2F
1-1: Ball
2-1: Foul Ball, location: 2F
2-2: Ball
3-2: Fly out, F9 (Line Drive, 9, EV 92.5 MPH)
Batting: RHB Vinny Vasquez 0-0: Called Strike
0-1: Ball
1-1: Fly out, F9 (Flyball, 9D, EV 99.4 MPH)
Bottom of the 2nd over - 0 runs, 0 hits, 0 errors, 0 left on base; Indianapolis 3 - Reno 0
TOP OF THE 3RD
Indianapolis Indians batting - Pitching for Reno Aces : RHP Marcos Tejeda
Batting: RHB Adam Kaeser 0-0: Ball
1-0: Ball
2-0: Ground out 6-3 (Groundball, 6, EV 103.1 MPH)
Batting: RHB Caleb Russell 0-0: Called Strike
0-1: Ball
1-1: Called Strike
1-2: Strikes out swinging
Batting: RHB Freddy Quintero 0-0: Ball
1-0: SINGLE (Groundball, 4MD, EV 106.9 MPH)
Batting: RHB Richard Barrios 0-0: Ball
1-0: Called Strike
1-1: Ball
2-1: Called Strike
2-2: Ball
3-2: SINGLE (Groundball, 6MD, EV 98.1 MPH)
Freddy Quintero to second
Freddy Quintero to third
Batting: RHB Slamet Pamungkas 0-0: Ball
1-0: Ball
2-0: Called Strike
2-1: Called Strike
2-2: Strikes out swinging
Top of the 3rd over - 0 runs, 2 hits, 0 errors, 2 left on base; Indianapolis 3 - Reno 0
BOTTOM OF THE 3RD
Reno Aces batting - Pitching for Indianapolis Indians : RHP Joreão Zquete
Batting: RHB Jonathan Lugo 0-0: Ball
1-0: Swinging Strike
1-1: Ball
2-1: Swinging Strike
2-2: Fly out, F7 (Flyball, 7, EV 90.6 MPH)
Batting: LHB Katsunan Akimoto 0-0: Called Strike
0-1: Swinging Strike
0-2: Ball
1-2: Ball
2-2: SINGLE (Groundball, 3D, EV 112.5 MPH)
Batting: RHB Roberto Rodriguez 0-0: Ball
1-0: Fly out, F7 (Flyball, 7LD, EV 96.2 MPH)
Batting: LHB Kyle Beaulieu 0-0: Ground out 3-1 (Groundball, 34S, EV 85.0 MPH)
Bottom of the 3rd over - 0 runs, 1 hit, 0 errors, 1 left on base; Indianapolis 3 - Reno 0
TOP OF THE 4TH
Indianapolis Indians batting - Pitching for Reno Aces : RHP Marcos Tejeda
Batting: RHB Andrew Robinson 0-0: Ball
1-0: Ball
2-0: Ball
3-0: Called Strike
3-1: Base on Balls
Batting: RHB Chris Pozzi 0-0: Ball
1-0: Swinging Strike
1-1: Foul Ball, location: 2F
1-2: DOUBLE (Flyball, 78D, EV 106.2 MPH)
Andrew Robinson to third
Batting: RHB Luis Ramos 0-0: Called Strike
0-1: Ground out 5-3 (Groundball, 56, EV 77.5 MPH)
Andrew Robinson scores
Batting: LHB Jorge Quintana 0-0: Ball
1-0: Ground out U3 (Groundball, 34, EV 91.2 MPH)
Chris Pozzi to third
Batting: RHB Adam Kaeser 0-0: Ball
1-0: Foul Ball, location: 2F
1-1: Swinging Strike
1-2: Ball
2-2: Foul Ball, location: 2F
2-2: Ground out 4-3 (Groundball, 4, EV 79.4 MPH)
Top of the 4th over - 1 run, 1 hit, 0 errors, 1 left on base; Indianapolis 4 - Reno 0
BOTTOM OF THE 4TH
Reno Aces batting - Pitching for Indianapolis Indians : RHP Joreão Zquete
Batting: RHB Ji-an Li 0-0: Ball
1-0: Swinging Strike
1-1: Swinging Strike
1-2: Ball
2-2: Strikes out swinging
Batting: RHB Seth Tramontano 0-0: Called Strike
0-1: Called Strike
0-2: Ball
1-2: Foul Ball, location: 2F
1-2: Ball
2-2: Fly out, F9 (Flyball, 89M, EV 85.6 MPH)
Batting: RHB Marlon Reda 0-0: Ball
1-0: Foul Ball, location: 2F
1-1: Called Strike
1-2: Ball
2-2: Ball
3-2: Base on Balls
Batting: LHB Sam Dowdy 0-0: Called Strike
0-1: Ball
1-1: Fly out, F8 (Flyball, 8LD, EV 98.1 MPH)
Bottom of the 4th over - 0 runs, 0 hits, 0 errors, 1 left on base; Indianapolis 4 - Reno 0
TOP OF THE 5TH
Indianapolis Indians batting - Pitching for Reno Aces : RHP Marcos Tejeda
Batting: RHB Caleb Russell 0-0: Ball
1-0: Swinging Strike
1-1: Swinging Strike
1-2: Ball
2-2: Ball
3-2: Foul Ball, location: 2F
3-2: Base on Balls
Batting: RHB Freddy Quintero 0-0: Ball
1-0: Called Strike
1-1: Ball
2-1: Foul Ball, location: 2F
2-2: Foul Ball, location: 2F
2-2: Foul Ball, location: 2F
2-2: SINGLE (Line Drive, 5D, EV 104.4 MPH)
Caleb Russell to second
Pitching: RHP Marco Rodriguez
Batting: RHB Richard Barrios 0-0: Foul Ball, location: 2F
0-1: Ball
1-1: Swinging Strike
1-2: SINGLE (Line Drive, 7S, EV 104.4 MPH)
Caleb Russell to third
Freddy Quintero to second
Batting: RHB Slamet Pamungkas 0-0: Called Strike
0-1: Ball
1-1: Foul Ball, location: 2F
1-2: Strikes out swinging
Batting: RHB Andrew Robinson 0-0: Swinging Strike
0-1: Called Strike
0-2: Ball
1-2: Ball
2-2: Foul Ball, location: 2F
2-2: Fly out, F3 (Popup, 23F, EV 93.1 MPH)
Batting: RHB Chris Pozzi 0-0: Called Strike
0-1: Ground out 6-3 (Groundball, 6S, EV 86.2 MPH)
Top of the 5th over - 0 runs, 2 hits, 0 errors, 3 left on base; Indianapolis 4 - Reno 0
BOTTOM OF THE 5TH
Reno Aces batting - Pitching for Indianapolis Indians : RHP Joreão Zquete
Batting: RHB Vinny Vasquez 0-0: Called Strike
0-1: Foul Ball, location: 2F
0-2: Ball
1-2: Strikes out looking
Batting: RHB Jonathan Lugo 0-0: Ground out 5-3 (Groundball, 5, EV 103.1 MPH)
Batting: LHB Katsunan Akimoto 0-0: Ball
1-0: Foul Ball, location: 2F
1-1: Fly out, F6 (Popup, 6, EV 73.1 MPH)
Bottom of the 5th over - 0 runs, 0 hits, 0 errors, 0 left on base; Indianapolis 4 - Reno 0
TOP OF THE 6TH
Indianapolis Indians batting - Pitching for Reno Aces : RHP Marco Rodriguez
Batting: RHB Luis Ramos 0-0: Ball
1-0: Ground out U3 (Groundball, 34S, EV 77.5 MPH)
Batting: LHB Jorge Quintana 0-0: Fly out, F7 (Flyball, 7S, EV 88.8 MPH)
Batting: RHB Adam Kaeser 0-0: Ball
1-0: Swinging Strike
1-1: Foul Ball, location: 2F
1-2: Ball
2-2: Strikes out swinging
Top of the 6th over - 0 runs, 0 hits, 0 errors, 0 left on base; Indianapolis 4 - Reno 0
BOTTOM OF THE 6TH
Reno Aces batting - Pitching for Indianapolis Indians : RHP Joreão Zquete
Batting: RHB Roberto Rodriguez 0-0: Swinging Strike
0-1: Ground out 3-1 (Groundball, 13, EV 88.8 MPH)
Batting: LHB Kyle Beaulieu 0-0: Ball
1-0: Ball
2-0: Swinging Strike
2-1: Fly out, F7 (Flyball, 7LS, EV 83.1 MPH)
Batting: RHB Ji-an Li 0-0: Ball
1-0: Ball
2-0: SINGLE (Groundball, 4M, EV 105.6 MPH) (infield hit)
Batting: RHB Seth Tramontano 0-0: Called Strike
0-1: Swinging Strike
0-2: Ball
Ji-an Li is caught stealing 2nd base 2-4
Bottom of the 6th over - 0 runs, 1 hit, 0 errors, 0 left on base; Indianapolis 4 - Reno 0
TOP OF THE 7TH
Indianapolis Indians batting - Pitching for Reno Aces : RHP Marco Rodriguez
Batting: RHB Caleb Russell 0-0: Ball
1-0: Ground out 6-3 (Groundball, 6M, EV 86.9 MPH)
Batting: RHB Freddy Quintero 0-0: Ground out 1-3 (Groundball, P, EV 64.4 MPH)
Batting: RHB Richard Barrios 0-0: Called Strike
0-1: Ground out 6-3 (Groundball, 56D, EV 98.8 MPH)
Top of the 7th over - 0 runs, 0 hits, 0 errors, 0 left on base; Indianapolis 4 - Reno 0
BOTTOM OF THE 7TH
Reno Aces batting - Pitching for Indianapolis Indians : RHP Joreão Zquete
Batting: RHB Seth Tramontano 0-0: Ball
1-0: Ball
2-0: Foul Ball, location: 2F
2-1: Ball
3-1: Fly out, F9 (Flyball, 9D, EV 109.4 MPH)
Batting: RHB Marlon Reda 0-0: Ball
1-0: Called Strike
1-1: Foul Ball, location: 2F
1-2: Strikes out looking
Batting: LHB Sam Dowdy 0-0: Called Strike
0-1: Ball
1-1: Ball
2-1: Ball
3-1: Foul Ball, location: 2F
3-2: Fly out, F8 (Flyball, 78M, EV 74.4 MPH)
Bottom of the 7th over - 0 runs, 0 hits, 0 errors, 0 left on base; Indianapolis 4 - Reno 0
TOP OF THE 8TH
Indianapolis Indians batting - Pitching for Reno Aces : RHP Marco Rodriguez
Pitching: RHP Jarrod Kenny
Batting: RHB Slamet Pamungkas 0-0: Called Strike
0-1: Ball
1-1: Foul Ball, location: 2F
1-2: Ball
2-2: Ball
3-2: Strikes out swinging
Batting: RHB Andrew Robinson 0-0: Foul Ball, location: 2F
0-1: Ball
1-1: Ground out 6-3 (Groundball, 6, EV 81.9 MPH)
Batting: RHB Chris Pozzi 0-0: Swinging Strike
0-1: Ball
1-1: Foul Ball, location: 2F
1-2: Ball
2-2: Ball
3-2: DOUBLE (Flyball, 89D, EV 91.2 MPH)
Batting: RHB Luis Ramos 0-0: Called Strike
0-1: Swinging Strike
0-2: Ground out 1-3 (Groundball, 15, EV 71.2 MPH)
Top of the 8th over - 0 runs, 1 hit, 0 errors, 1 left on base; Indianapolis 4 - Reno 0
BOTTOM OF THE 8TH
Reno Aces batting - Pitching for Indianapolis Indians : RHP Joreão Zquete
Batting: RHB Vinny Vasquez 0-0: Ball
1-0: DOUBLE (Flyball, 89XD, EV 105.0 MPH)
Batting: RHB Jonathan Lugo 0-0: SINGLE (Groundball, 4M, EV 83.8 MPH) (infield hit)
Vinny Vasquez to third
Pitching: LHP Hideharu Omoto
Batting: LHB Katsunan Akimoto 0-0: Ball
1-0: Foul Ball, location: 2F
1-1: Foul Ball, location: 2F
1-2: Ball
2-2: Ball
3-2: Grounds into double play, 4-6-3 (Groundball, 4M, EV 84.4 MPH)
Vinny Vasquez scores
Batting: RHB Roberto Rodriguez 0-0: Called Strike
0-1: SINGLE (Line Drive, 89S, EV 100.6 MPH)
Batting: LHB Kyle Beaulieu
Pinch Hitting: RHB Xavier Castellanos 0-0: Foul Ball, location: 2F
0-1: Foul Ball, location: 2F
0-2: Ball
1-2: Strikes out looking
Bottom of the 8th over - 1 run, 3 hits, 0 errors, 1 left on base; Indianapolis 4 - Reno 1
TOP OF THE 9TH
Indianapolis Indians batting - Pitching for Reno Aces : RHP Jarrod Kenny
Pitching: RHP Rich Garces
Now at 1B: Seth Tramontano
Now at SS: Marlon Reda
Now in LF: Xavier Castellanos
Batting: LHB Jorge Quintana 0-0: Ball
1-0: Called Strike
1-1: Foul Ball, location: 2F
1-2: Strikes out swinging, 2-3 out at first.
Batting: RHB Adam Kaeser 0-0: Ball
1-0: Called Strike
1-1: Ball
2-1: Called Strike
2-2: Ball
3-2: Foul Ball, location: 2F
3-2: Strikes out swinging
Batting: RHB Caleb Russell 0-0: Called Strike
0-1: Called Strike
0-2: Ball
1-2: Ball
2-2: Ball
3-2: Base on Balls
Batting: RHB Freddy Quintero 0-0: Foul Ball, location: 2F
0-1: Ball
1-1: Ball
2-1: Called Strike
2-2: Ball
3-2: Strikes out swinging
Top of the 9th over - 0 runs, 0 hits, 0 errors, 1 left on base; Indianapolis 4 - Reno 1
BOTTOM OF THE 9TH
Reno Aces batting - Pitching for Indianapolis Indians : LHP Hideharu Omoto
Batting: RHB Ji-an Li 0-0: Foul Ball, location: 2F
0-1: Called Strike
0-2: Ball
1-2: Ball
2-2: Ground out 6-3 (Groundball, 56, EV 91.2 MPH)
Batting: RHB Seth Tramontano 0-0: Ball
1-0: Ball
2-0: Ball
3-0: Called Strike
3-1: Called Strike
3-2: Strikes out looking
Batting: RHB Marlon Reda 0-0: Ball
1-0: Fly out, F8 (Flyball, 89D, EV 97.5 MPH)
Bottom of the 9th over - 0 runs, 0 hits, 0 errors, 0 left on base; Indianapolis 4 - Reno 1
Thursday, December 15th , 2022 - OOTP Baseball 23.9 Build 102